 Dungeon Sprint DCSS version 0.31.0-12-g77e489cdc1 (webtiles) character file.

Game seed: 4915119458903053236

106 Heoruswealwe the Spear-Bearer (level 4, -11/45 HPs)
             Began as a Minotaur Fighter on Feb 16, 2024.
             Mangled by an ogre
             ... wielding a +0 giant club
              (16 damage)
             ... in the Dungeon (Sprint IX: "|||||||||||||||||||||||||||||").
             The game lasted 00:00:52 (48 turns).

Heoruswealwe the Spear-Bearer (Minotaur Fighter)      Turns: 48, Time: 00:00:52

Health: -11/45     AC:  7    Str: 23    XL:     4   Next: 55%
Magic:  3/3        EV:  9    Int:  5    God:
Gold:   0          SH:  4    Dex:  9    Spells: 3/3 levels left

rFire   . . .        a - +0 trident
rCold   . . .        d - +0 buckler
rNeg    . . .        c - +0 scale mail
rPois   .            (helmet restricted)
rElec   .            (no cloak)
rCorr   .            (no gloves)
SInv    .            (no boots)
Will    .....        (no amulet) Stlth
                     (no ring)
HPRegen 0.27/turn    (no ring)
MPRegen 0.08/turn

%: no teleportation
@: on fire, glowing
A: horns 2, retaliatory headbutt
a: no special abilities


You were in the Dungeon.
You visited 1 branch

Inventory:

Hand Weapons
 a - a +0 trident (weapon)
Armour
 c - a +0 scale mail (worn)
 d - a +0 buckler (worn)
Potions
 b - a potion of might
 g - a potion of haste
 h - 2 potions of magic
 i - a potion of berserk rage


   Skills:
 + Level 6.5 Fighting
 * Level 8.1 Polearms
 + Level 6.5 Armour
 - Level 3.6 Shields


You had 3 spell levels left.
You didn't know any spells.
Your spell library was empty.

Dungeon Overview and Level Annotations

Branches:
Dungeon (1/1)

Altars:


Innate Abilities, Weirdness & Mutations

You have a pair of horns on your head.
You reflexively headbutt those who attack you in melee.


Message History

* * * LOW HITPOINT WARNING * * *
Your Fighting skill increases to level 6!
Your Polearms skill increases to level 7!
Your Armour skill increases to level 6!
You have reached level 4!
You feel stronger.
You feel much better. The liquid fire burns you! The hound barely misses you.
You furiously retaliate!
You headbutt the hound! The hound bites you but does no damage.
You barely miss the hound.
The hound is almost dead.
The liquid fire burns you! You block the hound's attack.
You puncture the hound!
You kill the hound!
The liquid fire burns you!
Your Polearms skill increases to level 8!
You hit the ogre.
The ogre is lightly wounded.
The liquid fire burns you! The ogre hits you with a +0 giant club!
* * * LOW HITPOINT WARNING * * *
You feel better. The liquid fire burns you!
You puncture the ogre!
The ogre is heavily wounded.
The liquid fire burns you!
* * * LOW HITPOINT WARNING * * *
The ogre barely misses you. You furiously retaliate!
You headbutt the ogre. You barely miss the ogre.
The ogre is severely wounded.
The liquid fire burns you!
* * * LOW HITPOINT WARNING * * *
You hit the ogre.
The ogre is severely wounded.
The liquid fire burns you!
* * * LOW HITPOINT WARNING * * *
The ogre hits you with a +0 giant club!
You die...

▓.▓
▓.▓
▓.▓
▓'▓
▓.▓
▓.▓
▓.▓
▓O▓
▓@▓
▓+▓


You could see an ogre.

Vanquished Creatures
  2 bombardier beetles (D)
  A hound (D)
  A giant cockroach (D)
  A goblin (D)
  A hobgoblin (D)
  A quokka (D)
  2 rats (D)
9 creatures vanquished.

Notes
Turn   | Place    | Note
-------+----------+-------------------------------------------
     0 | D        | Heoruswealwe the Minotaur Fighter began the quest for the
                  | Orb.
     0 | D        | Reached XP level 1. HP: 19/19 MP: 0/0
    10 | D        | Reached skill level 3 in Polearms
    21 | D        | Noticed an ogre
    21 | D        | Noticed a hound
    21 | D        | Noticed a bombardier beetle
    21 | D        | Noticed a bombardier beetle
    28 | D        | Reached skill level 4 in Polearms
    31 | D        | Killed a bombardier beetle
    32 | D        | Reached skill level 5 in Fighting
    32 | D        | Reached skill level 6 in Polearms
    32 | D        | Reached skill level 5 in Armour
    32 | D        | Reached XP level 2. HP: 29/29 MP: 1/1
    32 | D        | Reached XP level 3. HP: 36/36 MP: 2/2
    41 | D        | Reached skill level 7 in Polearms
    41 | D        | Reached XP level 4. HP: 12/44 MP: 3/3
    44 | D        | Reached skill level 8 in Polearms
    48 | D        | Mangled by an ogre

Illustrated notes

Levels and vault maps discovered:
D:        linesprint [early_d, line_temple, items_1, d_10, items_2, lair_1,
          lair_end, items_3, orc_1, orc_end, items_4, d_15, swamp_1, shoals_1,
          snake_1, spider_1, d_20, vaults_1, items_5, swamp_end, shoals_end,
          snake_end, spider_end, vaults_end, d_27, items_6, zot_1, zot_end,
          crypt_end, forest_end, elf_end, slime_end, tomb_end, abyss_end,
          pan_hell_end]

Skill      XL: |  1  2  3  4 |
---------------+-------------+-----
Polearms       | 6 7 8 |  8.1
Fighting       | 5 6 |  6.5
Armour         | 5 6 |  6.5
Shields        | |  3.6

Action                     |  1- 3 |  4- 6 || total
---------------------------+-------+-------++-------
  Melee: Trident           |    29 |     6 ||    35
         Headbutt          |     3 |       ||     3
    Use: Scroll            |     1 |       ||     1
         Potion            |       |     2 ||     2
 Armour: Scale mail        |    10 |     3 ||    13
  Dodge: Dodged            |     8 |     2 ||    10
  Block: Buckler           |     2 |     1 ||     3
